 Dungeon Crawl Stone Soup version 0.17-a0-1567-gdd419b1 (webtiles) character file.

14 volk64 the Insei (level 2, 0/18 HPs)
             Began as an Octopode Transmuter on July 22, 2015.
             Slain by a kobold (3 damage)
             ... on level 2 of the Dungeon.
             The game lasted 00:04:27 (1060 turns).

volk64 the Insei (Octopode Transmuter)              Turns: 1060, Time: 00:04:27

Health: 0/18       AC:  1    Str:  9    XL:     2   Next: 45%
Magic:  4/5        EV: 12    Int: 15    God:
Gold:   3          SH:  0    Dex: 12    Spells: 1 memorised, 4 levels left

rFire  . . .     SeeInvis .       - Unarmed
rCold  . . .     Clarity  .     (no shield)
rNeg   . . .     SustAt   .     (helmet restricted)
rPois  .         Gourm    .     (no amulet)
rElec  .         Spirit   .     (no ring)
rCorr  .         Warding  .     (no ring)
rMut   .         Stasis   .     (no ring)
MR     .....                    (no ring)
Stlth  ++........               (no ring)
                                (no ring)
                                (no ring)
                                (no ring)

@: appendage (expiring), not resistant to hostile enchantments, unstealthy
A: almost no armour, amphibious, 8 rings, constrict 8, tentacle spike 3,
camouflage 1, gelatinous body 1
a: End Transformation


You were on level 2 of the Dungeon.
You were hungry.
One of your tentacles had a temporary spike.
You visited 1 branch of the dungeon, and saw 2 of its levels.

You collected 3 gold pieces.

Inventory:

Hand weapons
 e - a +2 short sword of protection
Missiles
 a - 12 arrows
Scrolls
 d - a scroll of blinking
 f - a scroll of noise {unknown}
 g - a scroll of identify {unknown}
 h - a scroll of remove curse {unknown}
Books
 b - a book of Changes

   Spells                             Type                      Level
   a - Beastly Appendage              Transmutation                1
   b - Sticks to Snakes               Transmutation                2
   c - Spider Form                    Transmutation/Poison         3
   d - Ice Form                       Ice/Transmutation            4
   e - Blade Hands                    Transmutation                5
Comestibles
 c - a bread ration


   Skills:
 + Level 1.0 Fighting
 + Level 2.0 Dodging
 + Level 0.4 Stealth
 + Level 3.3 Unarmed Combat
 + Level 2.1 Spellcasting
 + Level 2.2 Transmutations


You had 4 spell levels left.
You knew the following spells:

 Your Spells              Type           Power        Failure   Level  Hunger
a - Beastly Appendage     Trmt           #.....       12%         1    #......


Dungeon Overview and Level Annotations

Branches:
Dungeon (2/15)

Altars:


Innate Abilities, Weirdness & Mutations

You cannot wear most types of armour.
You are amphibious.
You can wear up to eight rings at the same time.
You can use your tentacles to constrict eight enemies at once.
Your skin changes colour to match your surroundings (Stealth).
Your rubbery body absorbs attacks (AC +1).
One of your tentacles bears a large vicious spike.


Message History

You tentacle-slap the worm. You grab the worm.
You pierce the worm, but do no damage.
The worm is heavily wounded.
You constrict the worm.
You tentacle-slap the worm but do no damage.
You squeeze the worm.
The worm is severely wounded.
You constrict the worm. The worm bites you!
You tentacle-slap the worm.
You kill the worm!
The rat moves out of view.
The kobold throws a stone.
The stone hits you. The kobold hits you.
* * * LOW HITPOINT WARNING * * *
You are too injured to fight recklessly!
You are too injured to fight recklessly!
Unknown command.
You are too injured to fight recklessly!
You tentacle-slap the kobold but do no damage.
Your grab misses the kobold. The kobold hits you.
You die...

#........##...#.
#.##........<...
#.##.###.##...#.
###.##.#
#.###....
#......# #.#
#.##. #.#.####
#.# #.### #.#.#
#.# #+# #(#..
..# #@#### ###
#...K....#
#..#.#...#
..r..........
..... #.# ..###
.#### #.. ..#
##. .# . .#


You could see a kobold and a rat.

Vanquished Creatures
  A worm (D:2)
  A giant gecko (D:1)
  A hobgoblin (D:1)
  2 kobolds (D:1)
  4 bats
  A goblin (D:1)
  2 rats (D:1)
12 creatures vanquished.

Notes
Turn   | Place    | Note
--------------------------------------------------------------
     0 | D:1      | volk64 the Octopode Transmuter began the quest for the Orb.
     0 | D:1      | Reached XP level 1. HP: 13/13 MP: 3/3
   590 | D:1      | Reached XP level 2. HP: 18/18 MP: 3/5
  1060 | D:2      | Slain by a kobold

Vault maps used:
D:1:      minmay_arrival_radiant_lines
D:2:      st_stairs_11, nicolae_qazlal_eye_of_the_storm

Action                   || total
-------------------------++-------
Melee: Unarmed           ||    29
 Cast: Beastly Appendage ||     7
  Use: Scroll            ||     1
       Potion            ||     2
 Stab: Sleeping          ||     6
